 Dungeon Crawl Stone Soup version 0.21.0 (webtiles) character file.

5494 bombasticus the Basher (level 10, -3/64 HPs)
             Began as a Gargoyle Berserker on Jan 15, 2018.
             Was a Priest of Trog.
             Slain by a yak (8 damage)
             ... on level 8 of the Dungeon.
             The game lasted 00:14:35 (4684 turns).

bombasticus the Basher (Gargoyle Berserker)         Turns: 4684, Time: 00:14:35

Health: -3/64      AC: 29    Str: 24    XL:     10   Next: 69%
Magic:  10/10      EV:  8    Int:  8    God:    Trog [***...]
Gold:   348        SH:  0    Dex:  9    Spells: 9/9 levels left

rFire    . . .     SeeInvis .   b - +2 morningstar (protect)
rCold    . . .     Gourm    .   (no shield)
rNeg     + . .     Faith    .   o - +0 plate armour
rPois    ∞         Spirit   .   (no helmet)
rElec    +         Reflect  .   (no cloak)
rCorr    .         Harm     +   F - +1 pair of gloves
MR       ++...                  (no boots)
Stlth    ..........             f - amulet of harm
HPRegen  1.20/turn              d - +3 ring of protection
MPRegen  0.12/turn              x - +4 ring of protection

@: berserk cooldown, regenerating, slowed, very slow
A: negative energy resistance 1, electricity resistance, unbreathing,
petrification resistance, rot immunity, AC +7
a: Berserk, Trog's Hand, Burn Spellbooks, Renounce Religion


You were on level 8 of the Dungeon.
You worshipped Trog.
Trog was most pleased with you.
You were very hungry.

You visited 1 branch of the dungeon, and saw 10 of its levels.

You collected 348 gold pieces.

Inventory:

Hand Weapons
 a - a +0 falchion
 b - a +2 morningstar of protection (weapon)
 k - a +2 whip of flaming
 m - a +2 short sword of freezing
 p - a +3 mace
 z - a +1 hand axe
 A - a +3 great sword
 B - a +2 hand axe of freezing
 C - a cursed +4 spear
 D - a +0 shortbow
 I - a cursed +2 spear
Armour
 o - a +0 plate armour (worn)
 t - a +0 scale mail
 F - a +1 pair of gloves (worn)
Jewellery
 d - a +3 ring of protection (left hand)
 f - an amulet of harm (around neck)
 q - a +4 amulet of reflection {unknown}
 x - a +4 ring of protection (right hand)
 H - an uncursed ring of magical power
Wands
 s - a wand of random effects (14)
 y - a wand of disintegration (8)
Scrolls
 e - 4 scrolls of remove curse {unknown}
 g - a scroll of teleportation {unknown}
 j - a scroll of noise {unknown}
 l - 8 scrolls of identify {unknown}
 n - a scroll of fear {unknown}
 u - 2 scrolls of fog {unknown}
 v - a scroll of enchant armour {unknown}
 w - a scroll of enchant weapon {unknown}
 E - a scroll of immolation {unknown}
 G - a scroll of random uselessness {unknown}
Potions
 h - a potion of brilliance {unknown}
 i - 2 potions of might {unknown}
 r - a potion of cancellation {unknown}
Comestibles
 c - 11 rations
 J - 22 chunks of flesh


   Skills:
 + Level 7.7 Fighting
 + Level 5.8(6.5) Short Blades
 + Level 4.0(5.5) Long Blades
 + Level 8.8 Maces & Flails
 + Level 7.6 Armour
 + Level 4.4 Dodging
 + Level 0.7 Stealth


You had 9 spell levels left.
You didn't know any spells.

Dungeon Overview and Level Annotations

Branches:
Dungeon (10/15)
 Temple: D:4-7         Lair: D:8-11         Orc: D:9-12

Altars:
Fedhas
Nemelex Xobeh
Sif Muna

Annotations:
D:10 Urug


Innate Abilities, Weirdness & Mutations

You are resistant to torment.
Your stone body is resilient. (AC +7)
You are immune to poison.
You resist negative energy. (rN+)
You are resistant to electric shocks. (rElec)
You can survive without breathing.
You are immune to petrification.
You are immune to rotting.


Message History

* * * LOW HITPOINT WARNING * * *
The yak completely misses you. The yak gores you but does no damage.
The yak barely misses you. The scorpion barely misses you.
Your skin crawls.
You feel resistant to hostile enchantments.
You feel somewhat more hungry. The yak closely misses you. The yak gores you.
* * * LOW HITPOINT WARNING * * *
The scorpion barely misses you. The yak gores you but does no damage.
The scorpion barely misses you. The yak barely misses you. The yak gores you!
* * * LOW HITPOINT WARNING * * *
The yak gores you but does no damage. The scorpion barely misses you.
The scorpion stings you.
* * * LOW HITPOINT WARNING * * *
Okay, then.
The yak gores you.
* * * LOW HITPOINT WARNING * * *
The yak gores you!
You die...

##..<. .... ##....##
....### ###......#
.......####........###
(.............#..†...#.
.............#..........
#......................
#.....Y..........#....
#...@s.........###...
##...Y##.......# ..#
#..######..#.%.... ##
#.# ##.##...## #.#
##.##.## #.# ## ## ##


You could see 2 yaks and a scorpion.

Vanquished Creatures
  Josephine (D:10)
  The ghost of bombasticus the Slasher, a novice GrBe of Trog (D:6)
  12 yaks
  3 wraiths (D:10)
  A water moccasin (D:6)
  2 ice beasts
  2 orc warriors (D:7)
  2 ogres
  2 centaurs
  2 wyvern zombies
  3 bullfrogs
  3 scorpions
  7 wights
  2 howler monkeys
  2 crimson imps
  A bullfrog zombie (D:9)
  2 hounds
  An orc priest (D:7)
  2 jellies
  A centaur skeleton (D:6)
  2 orc wizards (D:9)
  Ijyb (D:4)
  A bullfrog skeleton (D:10)
  7 worker ants
  A hound skeleton (D:9)
  A worker ant zombie (D:10)
  7 adders
  2 worms
  A dart slug (D:2)
  3 leopard geckos
  12 orcs
  9 hobgoblins
  2 quokkas
  A bat (D:1)
  A frilled lizard (D:2)
  9 goblins
  A jackal skeleton (D:4)
  4 kobolds
  4 rats
121 creatures vanquished.

Notes
Turn   | Place    | Note
-------+----------+-------------------------------------------
     0 | D:1      | bombasticus the Gargoyle Berserker began the quest for the Orb.
     0 | D:1      | Reached XP level 1. HP: 14/14 MP: 1/1
   145 | D:2      | Reached XP level 2. HP: 6/19 MP: 2/2
   779 | D:3      | Reached XP level 3. HP: 18/24 MP: 3/3
  1091 | D:3      | Reached XP level 4. HP: 24/29 MP: 4/4
  1118 | D:3      | Reached ** piety under Trog
  1307 | D:4      | Found a blossoming altar of Fedhas.
  1313 | D:4      | Reached skill level 1 in Short Blades
  1322 | D:4      | Noticed Ijyb
  1326 | D:4      | Reached XP level 5. HP: 23/33 MP: 5/5
  1353 | D:4      | Killed Ijyb
  1578 | D:5      | Entered Level 5 of the Dungeon
  1598 | D:5      | Found a deep blue altar of Sif Muna.
  1629 | D:5      | Reached XP level 6. HP: 34/38 MP: 6/6
  1745 | D:6      | Reached XP level 7. HP: 32/44 MP: 7/7
  1876 | D:6      | Noticed bombasticus's ghost (novice GrBe)
  1903 | D:6      | Killed bombasticus's ghost
  2177 | D:7      | Reached skill level 5 in Fighting
  2177 | D:7      | Reached XP level 8. HP: 37/49 MP: 8/8
  2637 | D:6      | Reached skill level 5 in Short Blades
  3204 | D:9      | Reached skill level 1 in Maces & Flails
  3223 | D:9      | Reached skill level 5 in Armour
  3313 | D:9      | Found a sparkling altar of Nemelex Xobeh.
  3388 | D:9      | Reached skill level 2 in Maces & Flails
  3388 | D:9      | Reached XP level 9. HP: 50/55 MP: 9/9
  3454 | D:9      | Reached *** piety under Trog
  3463 | D:10     | Entered Level 10 of the Dungeon
  3696 | D:10     | Reached skill level 3 in Maces & Flails
  3806 | D:10     | Reached skill level 4 in Maces & Flails
  3877 | D:10     | Noticed Josephine
  3893 | D:10     | Killed Josephine
  3893 | D:10     | Reached skill level 6 in Maces & Flails
  4092 | D:10     | Reached XP level 10. HP: 61/61 MP: 10/10
  4095 | D:10     | Reached skill level 7 in Maces & Flails
  4302 | D:10     | Noticed Urug
  4509 | D:9      | Reached skill level 8 in Maces & Flails
  4679 | D:8      | HP: 1/64 [yak (8)]
  4684 | D:8      | Slain by a yak

Skill      XL: |  1  2  3  4  5  6  7  8  9 10 |
---------------+-------------------------------+-----
Long Blades    | 3 4 |  4.0
Fighting       | 4 5 6 7 |  7.7
Short Blades   | 1 2 4 5 |  5.8
Dodging        | 2 3 4 |  4.4
Armour         | 3 5 6 7 |  7.6
Maces & Flails | 2 6 8 |  8.8
Stealth        | |  0.7

Action                   |  1- 3 |  4- 6 |  7- 9 | 10-12 || total
-------------------------+-------+-------+-------+-------++-------
Melee: Falchion          |    68 |       |       |       ||    68
       Short sword       |    10 |   157 |   110 |       ||   277
       Morningstar       |       |       |   119 |   108 ||   227
Invok: Berserk           |     1 |       |     6 |     2 ||     9
       Trog's Hand       |       |       |     1 |     2 ||     3
       Burn Spellbooks   |       |       |     1 |       ||     1
  Eat: Chunk             |     2 |     2 |    13 |     1 ||    18
       Ration            |       |       |       |     1 ||     1
Armor: Animal skin       |    20 |       |       |       ||    20
       Leather armour    |       |    42 |       |       ||    42
       Scale mail        |       |    45 |    12 |       ||    57
       Plate armour      |       |       |   173 |   118 ||   291
Dodge: Dodged            |    64 |    91 |   107 |    63 ||   325
       Rpst.: Falchion   |    15 |       |       |       ||    15
